 Dungeon Crawl Stone Soup version 0.32-a0-876-gcfddb08e57 (webtiles) character file.

Game seed: 12512306488207464393

155 Heh the Trooper (level 5, -2/46 HPs)
             Began as an Octopode Chaos Knight on Apr 1, 2024.
             Was a Plaything of Xom.
             Slain by a gnoll
             ... wielding a +0 spear
              (6 damage)
             ... on level 3 of the Dungeon.
             The game lasted 00:04:15 (2359 turns).

Heh the Trooper (Octopode Chaos Knight)             Turns: 2359, Time: 00:04:17

Health: -2/46      AC:  1    Str: 11    XL:     5   Next: 37%
Magic:  5/5        EV: 10    Int: 14    God:    Xom [..*...]
Gold:   202        SH:  7    Dex: 14    Spells: 4/4 levels left

rFire   . . .        a - +0 falchion (chaos)
rCold   . . .        e - +0 kite shield
rNeg    . . .        (helmet restricted)
rPois   .            (no amulet)
rElec   .            c - ring of flight
rCorr   .            (no ring)
SInv    .            (no ring)
Will    .....        (no ring)
Stlth   ++           (no ring)
HPRegen 0.27/turn    (no ring)
MPRegen 0.09/turn    (no ring)
                     (no ring)

%: no passive effects
@: flying
A: almost no armour, amphibious, 8 rings, camouflage 1, gelatinous body 1,
(nimble swimmer 1), tentacles, antennae 1, tentacle spike 1, robust 2, wild
magic 1, evolution 1
a: Renounce Religion


You were on level 3 of the Dungeon.
You worshipped Xom.
You were a toy of Xom.
You visited 1 branch of the dungeon, and saw 3 of its levels.

You collected 202 gold pieces.

Inventory:

Hand Weapons
 a - a +0 falchion of chaos (weapon)
Missiles
 h - 3 javelins (quivered)
Armour
 e - a +0 kite shield (worn)
Jewellery
 c - a ring of flight (left tentacle)
Wands
 n - a wand of warping (7)
Scrolls
 b - a scroll of butterflies
 d - 4 scrolls of identify {unknown}
 f - 2 scrolls of teleportation {unknown}
 j - a scroll of fear {unknown}
 k - a scroll of enchant armour {unknown}
 l - a scroll of fog {unknown}
 m - a scroll of amnesia {unknown}
 o - a scroll of acquirement {unknown}
 q - 4 scrolls of revelation {unknown}
Potions
 i - a potion of magic {unknown}
 p - a potion of lignification {unknown}


   Skills:
 * Level 5.2 Fighting
 - Level 3.0 Long Blades
 + Level 3.4 Dodging
 + Level 0.2 Shields


You had 4 spell levels left.
You didn't know any spells.
Your spell library was empty.

Dungeon Overview and Level Annotations

Branches:
Dungeon (3/15)

Altars:


Innate Abilities, Weirdness & Mutations

You cannot wear most types of armour.
You are amphibious.
You can wear up to eight rings at the same time.
Your skin changes colour to match your surroundings (Stealth+).
Your rubbery body absorbs attacks. (AC +1, EV +1)
((You are camouflaged when in or above water. (Stealth+)))
You have tentacles for arms and can constrict up to eight enemies at once.
You have a pair of small antennae on your head.
One of your tentacles bears a spike.
You are very robust. (+20% HP)
Your spells are a little harder to cast, but a little more powerful.
You have hidden genetic potential.


Message History

The kobold shouts!
An adder comes into view.
A gnoll comes into view. It is wielding a +0 spear.
The gnoll shouts!
The adder hisses angrily.
You hear a shout!
You hit the kobold. You burn the kobold.
You kill the kobold!
A gnoll comes into view. It is wielding a +0 flail.
You block the gnoll's attack.
Things that are here:
a +0 club; a kobold corpse You closely miss the gnoll.
You grab the gnoll.
You pierce the gnoll, but do no damage.
You constrict the gnoll. You block the gnoll's attack. The gnoll misses you.
You block the adder's attack.
You hit the gnoll.
The gnoll seems to grow stronger.
You pierce the gnoll, but do no damage.
The gnoll is heavily wounded.
You constrict the gnoll. The gnoll hits you with a +0 spear!
The adder misses you. You block the gnoll's attack.
The gnoll hits you with a +0 spear! The adder bites you but does no damage.
The gnoll barely misses you.
You closely miss the adder. Your grab misses the adder.
You pierce the adder.
The adder is moderately wounded.
You constrict the gnoll.
You kill the gnoll!
The adder bites you but does no damage.
The gnoll hits you from afar with a +0 spear!
The adder bites you.
You are poisoned.
The adder poisons you!
It was a potion of curing.
You feel better.
Xom thinks this is hilarious!
The gnoll closely misses you. The adder misses you.
You hit the adder but do no damage. Your grab misses the adder.
Your tentacle spike misses the adder.
The adder is moderately wounded.
The adder bites you. The gnoll hits you with a +0 flail!
* * * LOW HITPOINT WARNING * * *
The gnoll hits you from afar with a +0 spear.
You die...

#### #.#####.... ...#
#.........# ...#
#.........# ...#
#.........## ...##
##........... ....###
#.......[..#
......######....S)....##
...##....##.....@.g.....
...###..........g...####
##.###........[.....#
#..##.................
##.##..................
#.##................#.
#.#...#####...##...##
###...### ##........
......# ..#.


You could see 2 gnolls and an adder.

Vanquished Creatures
  A bombardier beetle (D:2)
  Jessica (D:2)
  A gnoll (D:3)
  An adder (D:2)
  2 dart slugs (D:1)
  3 ball pythons
  6 endoplasms
  2 giant cockroaches
  5 goblins
  5 hobgoblins
  12 jackals
  3 quokkas
  5 bats
  11 frilled lizards
  7 kobolds
  2 rats (D:1)
67 creatures vanquished.

Notes
Turn   | Place    | Note
-------+----------+-------------------------------------------
     0 | D:1      | Heh the Octopode Chaos Knight began the quest for the Orb.
     0 | D:1      | Reached XP level 1. HP: 16/16 MP: 1/1
    54 | D:1      | XOM: silly message
    81 | D:1      | Reached XP level 2. HP: 21/21 MP: 2/2
   216 | D:1      | XOM: silly message
   222 | D:1      | XOM: potion effect (attraction)
   253 | D:1      | Reached skill level 4 in Fighting
   256 | D:1      | Reached XP level 3. HP: 27/27 MP: 3/3
   465 | D:1      | XOM: summons 3 hostile shadow creatures
   489 | D:1      | XOM: torment (15/27 hp)
   916 | D:1      | XOM: noise
  1061 | D:2      | XOM: give mutations
  1061 | D:2      | Gained mutation: You have hidden genetic potential. [Xom's
                  | grace]
  1061 | D:2      | Gained mutation: One of your tentacles bears a spike.
                  | [Xom's grace]
  1061 | D:2      | Gained mutation: Your spells are a little harder to cast,
                  | but a little more powerful. [Xom's grace]
  1104 | D:2      | Reached XP level 4. HP: 29/34 MP: 4/4
  1168 | D:2      | XOM: cloud trail
  1327 | D:2      | XOM: give mutations
  1327 | D:2      | Gained mutation: You are robust. (+10% HP) [Xom's grace]
  1327 | D:2      | Gained mutation: You have great hidden genetic potential.
                  | [Xom's grace]
  1327 | D:2      | Gained mutation: You have a pair of small antennae on your
                  | head. [Xom's grace]
  1340 | D:2      | Noticed Jessica
  1344 | D:2      | Killed Jessica
  1364 | D:2      | Gained mutation: You are very robust. (+20% HP) [hidden
                  | potential]
  1529 | D:2      | XOM: polymorph adder -> bombardier beetle
  1531 | D:2      | Reached skill level 5 in Fighting
  1531 | D:2      | Reached XP level 5. HP: 45/46 MP: 5/5
  1563 | D:2      | XOM: give mutations
  1563 | D:2      | Gained mutation: Your muscles are strong. (Str +4, Int/Dex
                  | -1) [Xom's mischief]
  1563 | D:2      | Lost mutation: Your muscles are strong. (Str +4, Int/Dex
                  | -1) [Xom's mischief]
  1563 | D:2      | Lost mutation: You have great hidden genetic potential.
                  | [Xom's mischief]
  2139 | D:2      | XOM: cloud trail
  2359 | D:3      | Slain by a gnoll

Illustrated notes

Levels and vault maps discovered:
D:1:      lemuel_arrival_funnel, layout_loops_ring, kennysheep_another_room,
          dreamdust_princess_bridge, minivault_26, minmay_lizard_king
D:2:      layout_basic, uniq_jessica
D:3:      layout_rooms, elyvilon_altar_3

Skill      XL: |  1  2  3  4 |
---------------+-------------+-----
Fighting       | 4 5 |  5.2
Dodging        | 3 |  3.4
Long Blades    | |  3.0
Shields        | |  0.2

Action                     |  1- 3 |  4- 6 || total
---------------------------+-------+-------++-------
  Melee: Falchion          |    75 |    32 ||   107
         Constrict         |    17 |     8 ||    25
         Tentacles         |    10 |     3 ||    13
         Kick              |     1 |    11 ||    12
  Throw: Javelin           |     1 |       ||     1
    Use: Potion            |       |     1 ||     1
   Stab: Sleeping          |     8 |     1 ||     9
         Paralysed         |     1 |       ||     1
         Confused          |       |     1 ||     1
 Armour: Skin              |    21 |    23 ||    44
  Dodge: Dodged            |    39 |    25 ||    64
  Block: Kite shield       |       |     4 ||     4

Table legend: (Time is in decaauts)
 A = Elapsed time spent in this place.
 B = Non-inter-level travel time spent in this place.
 C = Inter-level travel time spent in this place.
 D = Time resting spent in this place.
 E = Time spent auto-exploring this place.
 F = Levels seen in this place.
 G = Mean time per level.
                   A        B        C        D        E       F      G
               +--------+--------+--------+--------+--------+-----+--------+
         Total |   2382 |   2211 |    171 |      0 |   1853 |   3 |  794.0 |
       Dungeon |   2382 |   2211 |    171 |      0 |   1853 |   3 |  794.0 |
               +--------+--------+--------+--------+--------+-----+--------+

Top non-repeatable levels by time:
     D:2: 1326 daAuts
     D:1: 1006 daAuts
     D:3: 49 daAuts
